 Dungeon Crawl Stone Soup version 0.17-a0-913-g36eb389 (webtiles) character file.

6270824 namelastname112 the Draconian Arbalest (level 27, 289/289 (290) HPs)
             Began as a Green Draconian Gladiator on May 2, 2015.
             Was the Champion of Okawaru.
             Escaped with the Orb
             ... and 10 runes on May 3, 2015!
             The game lasted 08:39:41 (129545 turns).

namelastname112 the Draconian Arbalest (DrGl)     Turns: 129545, Time: 08:39:42

HP:   289/289 (290) AC: 21    Str: 18    XL:     27
MP:   47/47         EV: 37    Int:  9    God:    Okawaru [******]
Gold: 8395          SH:  0    Dex: 29    Spells: 12 memorised, 14 levels left

rFire  . . .     SeeInvis +     b - +9 triple crossbow (freeze)
rCold  + . .     Clarity  .     (armour unavailable)
rNeg   . . .     SustAb   .     (no shield)
rPois  +         Gourm    .     S - +0 mask of the Dragon {MR+ Slay+3 SInv}
rElec  +         Spirit   .     T - +2 cloak of the Sea {rC+ Dex+4}
rCorr  .         Warding  .     c - +1 pair of gloves of Vanity {rElec MR+ Regen+ Str-3}
rMut   +         Stasis   .     f - +2 pair of boots {run}
MR     ++++.                    u - amulet of resist mutation
Stlth  ++........               M - ring "Hyetun" {+Fly rPois Str+4 Dex+3 Slay+5}
                                N - ring "Egumeuge" {rPois Str-3 Slay+5}

@: very slightly contaminated, deflect missiles, quick, incredibly resistant to
hostile enchantments, unstealthy
A: breathe noxious fumes, unfitting armour, fangs 1, stinger 1, blink 1,
mutation resistance 1, poison resistance, robust 1, cold-blooded, subdued magic
1, AC +13
a: Breathe Noxious Fumes, Blink, Heroism, Finesse, Renounce Religion, Evoke
Flight
0: Orb of Zot
}: 10/15 runes: barnacled, slimy, silver, abyssal, demonic, glowing, magical,
fiery, dark, gossamer


You escaped.
You worshipped Okawaru.
Okawaru was exalted by your worship.
You were not hungry.

You visited 13 branches of the dungeon, and saw 65 of its levels.
You visited Pandemonium 2 times, and saw 32 of its levels.
You visited the Abyss 3 times.
You visited 1 bazaar.
You visited 3 ziggurats, and saw 31 of their levels (deepest: 11).
You also visited: Ossuary, Ice Cave and Volcano.

You collected 15139 gold pieces.
You spent 6107 gold pieces at shops.

Inventory:

Hand weapons
 a - the +5 pair of quick blades "Gyre" and "Gimble" {pierce, Dex-3}
   (You took it off an orc wizard on level 5 of the Vaults)

   It inflicts extra damage upon your enemies.
   It affects your dexterity (-3).
 b - a +9 triple crossbow of freezing (weapon)
 i - the +8 arbalest of Eternity {elec, rC- rN+++ Str+3 Int-2}
   (Okawaru gifted it to you on level 3 of the Abyss)

   It charges the ammunition it shoots with electricity; occasionally upon a
   hit, such missiles may discharge and cause terrible harm.
   It affects your strength (+3).
   It affects your intelligence (-2).
   It makes you vulnerable to cold.
   It renders you almost immune to negative energy.
Missiles
 l - 512 bolts (quivered)
 r - 153 poisoned bolts
 w - 179 silver bolts
 y - 27 steel bolts
 F - 213 bolts of frost
 P - 365 bolts of flame
 R - 91 bolts of penetration
Armour
 c - the +1 pair of gloves of Vanity (worn) {rElec MR+ Regen+ Str-3}
   (You found it on level 9 of a ziggurat)

   It affects your strength (-3).
   It insulates you from electricity.
   It affects your resistance to hostile enchantments.
   It increases your rate of regeneration.
 f - a +2 pair of boots of running (worn)
 S - the +0 mask of the Dragon (worn) {MR+ Slay+3 SInv}
   (You bought it in a shop in a bazaar)

   It affects your accuracy and damage with ranged weapons and melee attacks
   (+3).
   It affects your resistance to hostile enchantments.
   It enhances your eyesight.
 T - the +2 cloak of the Sea (worn) {rC+ Dex+4}
   (Okawaru gifted it to you on level 1 of the Elven Halls)

   It affects your dexterity (+4).
   It protects you from cold.
Rods
 v - a cursed +4 rod of clouds (14/14)
   (You found it on level 9 of a ziggurat)
Jewellery
 e - the amulet of Heydgh {Gourm +Fly rC+ Int+2}
   (You found it on level 6 of a ziggurat)

   [amulet of the gourmand]

   It allows you to eat raw meat even when not hungry.
   It affects your intelligence (+2).
   It protects you from cold.
   It lets you fly.
 u - an amulet of resist mutation (around neck)
 M - the ring "Hyetun" (right hand) {+Fly rPois Str+4 Dex+3 Slay+5}
   (You bought it in a shop on level 1 of the Shoals)

   [ring of slaying]

   It affects your strength (+4).
   It affects your dexterity (+3).
   It affects your accuracy and damage with ranged weapons and melee attacks
   (+5).
   It protects you from poison.
   It lets you fly.
 N - the ring "Egumeuge" (left hand) {rPois Str-3 Slay+5}
   (You found it on level 2 of the Shoals)

   [ring of poison resistance]

   It affects your strength (-3).
   It affects your accuracy and damage with ranged weapons and melee attacks
   (+5).
   It protects you from poison.
Magical devices
 H - a wand of digging (5)
 Q - a wand of invisibility (3)
 Z - a wand of teleportation (7)
Scrolls
 h - 38 scrolls of identify
 j - 57 scrolls of remove curse
 o - 3 scrolls of magic mapping
 q - 3 scrolls of blinking
 x - 16 scrolls of fear
 B - 18 scrolls of recharging
 J - 16 scrolls of fog
 V - 4 scrolls of holy word
 W - 24 scrolls of teleportation
 Y - 4 scrolls of summoning
Potions
 g - 11 potions of ambrosia
 k - 3 potions of agility
 m - 5 potions of heal wounds
 n - 11 potions of flight
 p - 12 potions of berserk rage
 s - 5 potions of cure mutation
 t - 2 potions of magic
 A - 5 potions of invisibility
 C - 10 potions of might
 D - 6 potions of haste
 E - 30 potions of curing
 L - 4 potions of cancellation
 X - 5 potions of resistance
Miscellaneous
 O - a fan of gales
Comestibles
 d - 29 bread rations
 K - 46 fruits


   Skills:
 + Level 24.9 Fighting
 - Level 16.2 Short Blades
   Level 20.5 Staves
 O Level 27 Crossbows
 - Level 1.7 Throwing
 + Level 22.0 Dodging
 - Level 9.8 Stealth
 + Level 20.7 Spellcasting
 - Level 6.8 Hexes
 + Level 20.7 Charms
 + Level 20.7 Translocations
 - Level 11.3 Air Magic
 - Level 11.8 Invocations
 - Level 13.4 Evocations


You had 14 spell levels left.
You knew the following spells:

 Your Spells              Type           Power        Failure   Level  Hunger
a - Apportation           Tloc           ####......   0%          1    None
b - Control Teleport      Chrm/Tloc      ####......   0%          4    ###....
c - Flight                Chrm/Air       ####......   0%          3    None
d - Regeneration          Chrm/Necr      ###.......   1%          3    None
e - Blink                 Tloc           N/A          0%          2    None
f - Portal Projectile     Tloc           ####..       0%          3    None
g - Haste                 Chrm           ####....     1%          6    ######.
h - Deflect Missiles      Chrm/Air       ####......   1%          6    ######.
i - Silence               Hex/Air        ###.......   1%          5    #####..
j - Controlled Blink      Tloc           N/A          1%          7    #######
k - Phase Shift           Tloc           ####......   0%          5    #####..
l - Disjunction           Tloc           ####......   5%          8    #######


Dungeon Overview and Level Annotations

Branches:
Dungeon (15/15)            Temple (0/1) D:5            Lair (8/8) D:10
 Shoals (4/4) Lair:5       Spider (4/4) Lair:5        Slime (6/6) Lair:6
    Orc (4/4) D:11            Elf (3/3) Orc:4        Vaults (5/5) D:13
  Crypt (3/3) Vaults:3       Tomb (2/3) Crypt:3      Depths (5/5) D:15
   Hell (1/1)                 Dis (0/7) Hell            Geh (0/7) Hell
    Coc (0/7) Hell            Tar (0/7) Hell            Zot (5/5) Depths:5

Altars:
Cheibriados
Dithmenos
Fedhas
Gozag
Kikubaaqudgha
Makhleb
Nemelex Xobeh
Okawaru
Ru
Sif Muna
Trog
Yredelemnul
Zin
The Shining One
Beogh

Shops:
D:7 :   D:12 ?([*(   Orc:1 %   Orc:3 ?[?   Orc:4 [*[?   Elf:1 :   Elf:2 [
Shoals:1 =   Shoals:2 *   Vaults:4 %   Depths:4 [

Portals:
Hell: Depths:1 Depths:2 Depths:3 Depths:4 Depths:5
Abyss: Depths:4 Depths:5
Pandemonium: Depths:2 Depths:3 Depths:4

Annotations:
Elf:2 1 runed door


Innate Abilities, Weirdness & Mutations

You can breathe blasts of noxious fumes.
Your lurid green scales are hard (AC +13).
Your body does not fit into most forms of armour.
Your tail ends in a poisonous barb.
Your system is resistant to poisons.
You are cold-blooded and may be slowed by cold attacks.
You have very sharp teeth.
You can translocate small distances at will.
You are somewhat resistant to further mutation.
You are robust (+10% HP).
Your spells are a little easier to cast, but a little less powerful.


Message History

You found a shaft!
There is an open door here.
There is an escape hatch in the ceiling here.
A mysterious force pulls you upwards. The hatch slams shut behind you.
You sense a powerful magical force warping space.
You can't go up here!
There is a stone staircase leading up here.
You climb upwards.
You sense a powerful magical force warping space.
There is a stone staircase leading down here.
There is a stone staircase leading up here.
You climb upwards.
You sense a powerful magical force warping space.
There is a stone staircase leading down here.
There is a stone staircase leading up here.
You climb upwards.
You sense a powerful magical force warping space.
There is a stone staircase leading down here.
There is a staircase leading out of the dungeon here.
You have escaped!

(.#.# #.#
#.......# ..'.#
#.# #.......#
..#####.#
#######.##
..')....#
#######...#
..#######
#.#.#.#.#.##
..#
##.#.#.#...#
..#
#.#.#.#.#..#
..#
##.#.#.#.#.##
..#
#.#.#@#.#...#
..#
##.#.#.#..#)#
..#
#.#.#.#.#..>#
#.#
##.#.#.#..#.#
#.#
##########.####
#.# #....# #.#
####.# ..# #.#
.## #.#


There were no monsters in sight!

Vanquished Creatures
  Cerebov (Pan)
  the royal jelly (Slime:6)
  Dissolution (Slime:5)
  Gloorx Vloq (Pan)
  Mnoleg (Pan)
  Lom Lobon (Pan)
  5 orbs of fire
  Mara (Depths:3)
  Mennas (Vaults:2)
  13 ancient liches
  5 greater mummies (Tomb:1)
  Sojobo (Depths:5)
  Boris (Vaults:5)
  Frederick (Tomb:1)
  Saint Roka (Vaults:5)
  7 Killer Klowns
  A curse toe (Zot:4)
  Geryon (Hell)
  11 golden dragons
  4 bone dragons
  Arachne (Spider:3)
  16 pandemonium lords
  A hellephant (Abyss:1)
  13 Brimstone Fiends (Pan)
  3 electric golems
  19 tentacled monstrosities
  11 liches
  20 Hell Sentinels
  The ghost of ImmaFairy the Warrior, a mighty FoFi of Qazlal (Shoals:4)
  10 Ice Fiends
  7 titans
  2 quicksilver dragons
  26 Orb Guardians
  6 Shadow Fiends (Pan)
  3 deep elf blademasters
  21 acid blobs
  4 deep elf master archers
  Murray (Hell)
  Polyphemus (Shoals:3)
  9 sphinxes
  4 octopode crushers
  A sphinx (shapeshifter) (Zig:7)
  44 Executioners
  7 ancient champions
  17 storm dragons
  Frances (D:12)
  9 tentacled starspawn
  7 shadow dragons
  2 thorn hunters
  9 tengu reavers
  2 revenants
  Ilsuiw (Shoals:3)
  15 draconian monks
  9 greater nagas
  Wiglaf (Vaults:1)
  A daeva (Abyss:3)
  9 fire giants
  8 azure jellies
  The ghost of trelanon the Brawler, a mighty VSMo of Makhleb (Shoals:4)
  Donald (Orc:4)
  24 vault wardens
  7 ghost moths
  Maud (Depths:3)
  9 emperor scorpions
  7 frost giants
  29 balrugs
  9 draconian knights
  11 deep elf sorcerers
  8 draconian scorchers
  16 warmongers (Pan)
  2 iron dragons
  3 curse skulls
  3 orc warlords
  10 draconian zealots
  28 cacodemons
  An angel (Pan)
  3 draconian shifters
  16 merfolk impalers
  27 reapers
  4 ghouls
  20 ironheart preservers
  6 draconian annihilators
  The ghost of oplop the Eclecticist, a powerful SpEn of Ashenzari (D:15)
  4 spriggan defenders
  4 draconian callers
  11 war gargoyles
  32 stone giants
  12 green draconians
  32 very ugly things
  16 blood saints (Pan)
  22 starcursed masses
  8 black draconians
  Nessos (Lair:7)
  A salamander firebrand (Hell)
  7 purple draconians
  8 vampire knights
  9 deep elf annihilators
  10 red draconians
  9 white draconians
  16 chaos champions
  12 lorocyprocas
  11 black suns (Pan)
  9 deep elf demonologists
  17 corrupters (Pan)
  6 eidola
  27 blizzard demons
  7 yellow draconians
  7 death oozes
  12 deep elf death magi
  12 mottled draconians
  Snorg (Lair:7)
  23 fire dragons
  5 merfolk javelineers
  4 crystal guardians
  25 green deaths
  8 jiangshi
  33 vault guards
  13 ettins
  6 mummy priests
  8 deep elf high priests
  13 great orbs of eyes
  Erolcha (Orc:1)
  26 yaktaur captains
  14 hell beasts
  11 hydras
  21 ice dragons
  A quicksilver dragon skeleton (Crypt:1)
  8 death cobs
  13 entropy weavers
  12 rakshasas
  9 spriggan air magi
  A fulminant prism (Pan)
  3 anacondas
  A naga warrior (Zig:10)
  A catoblepas (Shoals:3)
  31 monstrous demonspawn
  6 merfolk aquamancers
  15 centaur warriors
  A death knight (Crypt:3)
  3 merfolk avatars (Shoals:4)
  19 ogre magi
  2 alligator snapping turtles
  27 dancing weapons
  2 satyrs
  An anaconda (shapeshifter) (Vaults:1)
  5 deep troll shamans
  10 thrashing horrors
  5 salamander stormcallers
  6 hell hogs (Hell)
  A titan zombie (Crypt:3)
  6 deep troll earth magi
  2 tengu warriors (Depths:4)
  4 spriggan berserkers
  53 sun demons
  A storm dragon zombie (Hell)
  Urug (Orc:3)
  4 shock serpents
  5 orc high priests
  23 small abominations
  34 soul eaters
  9 vampire magi
  7 death yaks
  A naga sharpshooter (Zig:10)
  A titan skeleton (Crypt:1)
  9 wretched stars
  20 deep elf knights
  29 ice devils
  3 iron trolls
  2 storm dragon skeletons (Pan)
  33 skeletal warriors
  A salamander mystic (Zig:10)
  6 spatial maelstroms (Abyss:3)
  16 wizards
  31 hell knights
  A death drake (shapeshifter) (Zig:7)
  10 flayed ghosts
  2 spectral anacondas (Depths:3)
  An unseen horror (shapeshifter) (Vaults:2)
  5 anaconda zombies
  9 shadow wraiths
  5 death drakes
  10 sea snakes
  16 deep elf summoners
  An anubis guard (shapeshifter) (Vaults:2)
  36 torturous demonspawn (Pan)
  26 deep trolls
  8 ironbrand convokers
  6 death scarabs (Tomb:1)
  10 hill giants
  19 necromancers
  26 shadow demons
  26 harpies
  A hill giant (shapeshifter) (Depths:4)
  3 ice statues
  A shadow dragon zombie (Crypt:2)
  2 spectral hydras (Depths:3)
  A sea snake (shapeshifter) (Pan)
  A naga ritualist (Zig:10)
  Pikel (D:9)
  25 gelid demonspawn
  39 putrid demonspawn (Pan)
  9 phantasmal warriors
  2 swamp dragons (Zig:11)
  11 giant orange brains
  41 infernal demonspawn (Pan)
  A hornet (shapeshifter) (Vaults:1)
  An anaconda skeleton (Pan)
  2 mana vipers
  7 oklob plants
  18 griffons
  12 anubis guards
  A stone giant zombie (Hell)
  A lindwurm (shapeshifter) (Depths:2)
  5 wolf spider zombies
  4 shining eyes
  21 orc knights
  32 deep elf conjurers
  12 hornets
  8 water nymphs
  37 wolf spiders
  3 worldbinders (Abyss:1)
  2 frost giant zombies (Crypt:3)
  A shadow dragon skeleton (Pan)
  80 ugly things
  A draconian (shapeshifter) (Depths:2)
  14 cyclopes
  14 manticores
  2 fire giant zombies
  A mana viper (shapeshifter) (Zig:7)
  11 orc sorcerers
  7 guardian serpents
  15 orb spiders
  A sphinx skeleton (Vaults:3)
  9 sirens
  12 fauns
  3 iron dragon skeletons
  5 elephants (Lair:8)
  20 moths of wrath
  3 stone giant skeletons
  A salamander (shapeshifter) (Vaults:2)
  A guardian serpent (shapeshifter) (Vaults:4)
  3 apocalypse crabs
  58 sixfirhies
  Maurice (Orc:1)
  11 black mambas
  7 rust devils
  A dire elephant zombie (Abyss:3)
  4 naga magi
  18 vault sentinels
  A salamander (Zig:10)
  A gargoyle (D:11)
  2 eyes of devastation (Pan)
  93 orange demons
  90 smoke demons
  A spiny frog (shapeshifter) (Vaults:1)
  A torpor snail (Spider:1)
  3 orange crystal statues
  3 centaur skeletons
  24 spiny frogs
  28 hellions
  A dire elephant skeleton (Tomb:1)
  8 komodo dragons
  A komodo dragon (shapeshifter) (Vaults:4)
  10 tormentors (Pan)
  6 fire drakes
  A yellow draconian zombie (Zot:4)
  A yaktaur (shapeshifter) (Pan)
  2 spriggan skeletons
  10 ancient zymes
  3 spectral merfolk (Depths:3)
  A redback zombie (D:15)
  A green draconian skeleton (Crypt:2)
  A hydra zombie (Hell)
  71 yaktaurs
  27 demonic crawlers
  An anaconda simulacrum (Depths:3)
  20 deep elf priests
  4 kobold demonologists
  A black draconian skeleton (Crypt:1)
  A tengu conjurer (Depths:5)
  8 trolls
  A harpy zombie (D:14)
  39 merfolk
  12 efreet
  107 hellwings
  4 giant leeches
  10 guardian mummies (Tomb:1)
  55 red devils
  11 freezing wraiths
  2 silent spectres
  8 wind drakes
  A polar bear (shapeshifter) (Vaults:1)
  33 two-headed ogres
  19 blink frogs
  31 blue devils
  Grinder (D:3)
  Prince Ribbit (D:7)
  2 polar bears (Lair:8)
  16 raiju
  A hydra skeleton (Hell)
  20 jumping spiders
  A raven (shapeshifter) (Vaults:5)
  A harpy skeleton (D:15)
  6 boulder beetles
  5 snapping turtles
  2 wandering mushrooms (Zot:4)
  A tarantella zombie (Crypt:2)
  A hornet zombie (D:15)
  2 ettin zombies
  2 centaur simulacra
  A raiju (shapeshifter) (Vaults:2)
  3 alligator zombies
  An ice dragon zombie (Hell)
  6 ravens
  A fire dragon zombie (Abyss:3)
  A slime creature (shapeshifter) (Zig:6)
  An ushabti (Tomb:1)
  A bog body (Crypt:2)
  An elf zombie (Zig:6)
  75 slime creatures
  98 large abominations
  42 flying skulls
  2 ettin skeletons
  68 redbacks
  A trapdoor spider (shapeshifter) (Zig:6)
  2 black mamba zombies
  A stone giant simulacrum (Zig:8)
  71 ynoxinuls
  10 air elementals
  31 tarantellas
  A spriggan (shapeshifter) (D:14)
  5 spriggans
  23 trapdoor spiders
  41 deep elf magi
  2 alligator skeletons
  8 wraiths
  11 shadows
  A black mamba skeleton (Crypt:1)
  4 fire elementals (Hell)
  26 yaks
  22 water elementals
  2 tarantellas (shapeshifter)
  5 vampires (Depths:3)
  The ghost of namelastname112 the Twirler, an average DrGl (D:4)
  9 golden eyes
  A wyvern (shapeshifter) (Vaults:5)
  A yaktaur simulacrum (Vaults:3)
  4 basilisks
  4 fire bats
  10 hippogriffs
  6 hungry ghosts
  26 chaos spawn
  52 neqoxecs
  A steam dragon (shapeshifter) (Vaults:4)
  51 deep elf fighters
  3 steam dragons
  6 wyverns
  A basilisk (shapeshifter) (Vaults:2)
  A human simulacrum (Vaults:4)
  12 spatial vortices (Abyss:3)
  A redback simulacrum (Vaults:1)
  12 water moccasins
  27 vampire mosquitoes
  2 hydra simulacra
  4 insubstantial wisps
  14 wargs
  A soldier ant (D:15)
  7 mottled dragons
  8 hell hounds
  16 swamp worms (Spider:1)
  5 nagas
  A faun skeleton (Crypt:1)
  A spiny frog zombie (Hell)
  11 wolves
  2 deep troll skeletons
  17 ice beasts
  4 spectral trolls (Depths:3)
  A spider (shapeshifter) (D:14)
  5 necrophages
  2 slaves (D:9)
  3 swamp drakes
  4 porcupines
  5 black bears
  86 orc warriors
  A spiny frog skeleton (Pan)
  9 boggarts
  43 spiders
  3 spectral spriggans (Depths:3)
  7 phantoms
  An alligator simulacrum (Hell)
  10 eyes of draining
  79 ogres
  2 snapping turtle zombies
  12 crocodiles
  A swamp dragon zombie (Crypt:2)
  A wasp (shapeshifter) (Vaults:1)
  A boring beetle (Lair:8)
  2 sky beasts
  2 eyes of draining (shapeshifter)
  7 wasps
  A manticore skeleton (Crypt:1)
  27 centaurs
  A torpor snail zombie (Crypt:1)
  6 big kobolds
  A brain worm (Pan)
  6 lost souls
  2 boring beetles (shapeshifter)
  A merfolk simulacrum (Depths:3)
  27 giant frogs
  A wyvern zombie (D:8)
  A vine stalker skeleton (Crypt:2)
  3 scorpions
  14 killer bees
  12 wights
  2 spectral nagas (Depths:3)
  A spectral ogre (Depths:3)
  14 quasits
  3 electric eels
  3 spectral centaurs (Depths:3)
  12 crimson imps
  7 iron imps
  4 hounds
  14 jellies
  5 centaur zombies
  7 giant frog skeletons
  36 orc priests
  Crazy Yiuf (D:7)
  6 iguanas
  Ijyb (D:2)
  A basilisk skeleton (Crypt:2)
  A human skeleton (Pan)
  3 human zombies
  A wasp zombie (Crypt:2)
  36 orc wizards
  Terence (D:2)
  Natasha (thrice) (D:3)
  11 worker ants
  A lightning spire (Zig:6)
  2 hell rats (Elf:1)
  3 ogre zombies (Ossuary)
  15 sheep
  A deep dwarf skeleton (Crypt:2)
  A felid skeleton (Crypt:1)
  2 hound skeletons
  19 mummies
  A worker ant zombie (D:11)
  4 gnolls (D:4)
  10 adders
  4 shadow imps
  48 river rats
  5 white imps
  3 giant eyeballs
  5 oozes
  44 ufetubi
  3 adder zombies
  6 worms
  218 orcs
  2 ball pythons (D:3)
  2 bat skeletons
  A bat zombie (D:8)
  6 giant cockroaches
  35 goblins
  21 hobgoblins
  13 jackals
  A ball python skeleton (Crypt:2)
  11 bats
  3 giant geckos
  5 giant newts
  2 giant spores
  A goblin skeleton (Crypt:1)
  4 goblin zombies (Ossuary)
  5 hobgoblin zombies (Ossuary)
  36 kobolds
  4 kobold zombies
  An orc zombie (Ossuary)
  2 quokkas
  4 quokka zombies (Ossuary)
  20 rats
  A rat skeleton (Crypt:2)
  6 rat zombies (Ossuary)
  17 ballistomycetes
  4 butterflies (D:15)
  3 crawling corpses
  2 fungi
  3 grand avatars (Pan)
  18 plants
  3 starspawn tentacles
5376 creatures vanquished.

Vanquished Creatures (collateral kills)
  Rupert (Lair:6)
  2 ironheart preservers (Vaults:1)
  3 hydras
  5 death yaks (Lair:6)
  An ugly thing (Vaults:1)
  A griffon (Lair:6)
  3 elephants (Lair:2)
  A black mamba (Lair:2)
  6 komodo dragons
  9 spiny frogs
  A jumping spider (Spider:4)
  5 blink frogs
  7 yaks (Lair:2)
  2 hippogriffs
  A basilisk (Lair:3)
  3 porcupines
  7 water moccasins
  4 wolves (Lair:1)
  A black bear (Lair:5)
  4 crocodiles
  5 giant frogs
  An electric eel (Lair:5)
  An iguana (Lair:4)
  A worker ant (D:11)
  15 sheep
  39 river rats
  A butterfly (Lair:1)
  A plant (Lair:6)
131 creatures vanquished.

Vanquished Creatures (others)
  A pandemonium lord (Pan)
  2 eldritch tentacles
  An ironheart preserver (Vaults:1)
  A purple draconian (Zot:2)
  A merfolk impaler (Lair:6)
  A great orb of eyes (Depths:2)
  An ice dragon (Depths:2)
  2 fulminant prisms (Pan)
  A tengu warrior (Depths:2)
  A centaur warrior (Depths:2)
  A hell knight (Depths:3)
  A wizard (Pan)
  6 ball lightnings (Pan)
  An ironbrand convoker (Vaults:1)
  A deep troll (Depths:2)
  The ghost of oplop the Jinx, an experienced SpEn of Ashenzari (D:7)
  A drowned soul (Shoals:4)
  A smoke demon (Pan)
  A guardian mummy (Tomb:1)
  A troll (D:14)
  A tengu conjurer (Depths:2)
  A raven (Depths:2)
  A trapdoor spider (Spider:4)
  A wyvern (D:10)
  A deep elf mage (Zig:2)
  A mottled dragon (Zig:11)
  A deep elf fighter (Vaults:1)
  A hog (Volcano)
  2 slaves (D:9)
  9 lost souls
  A centaur (Volcano)
  An ogre (Vaults:2)
  An ice dragon simulacrum (Abyss:1)
  6 killer bees (D:14)
  A spectral centaur (Depths:3)
  A crimson imp (D:14)
  2 mummies (Tomb:1)
  An orc (D:9)
  2 giant spores
  288 eldritch tentacle segments
  13 fungi
  13 plants
  12 starspawn tentacles
  98 starspawn tentacle segments
486 creatures vanquished.

Grand Total: 5993 creatures vanquished

Notes
Turn   | Place    | Note
--------------------------------------------------------------
     0 | D:1      | namelastname112, the Draconian Gladiator, began the quest for the Orb.
     0 | D:1      | Reached XP level 1. HP: 17/17 MP: 1/1
   103 | D:1      | Reached XP level 2. HP: 11/24 MP: 2/2
   419 | D:1      | Reached XP level 3. HP: 27/30 MP: 3/3
   615 | D:2      | Found a glowing golden altar of the Shining One.
   618 | D:2      | Found an opulent altar of Gozag.
   618 | D:2      | Found an ancient bone altar of Kikubaaqudgha.
   828 | D:2      | Reached skill level 4 in Staves
   840 | D:2      | Reached XP level 4. HP: 27/37 MP: 4/4
   944 | D:2      | Noticed Terence
   950 | D:2      | Killed Terence
   999 | D:2      | Noticed Ijyb
  1010 | D:2      | Killed Ijyb
  1257 | D:3      | Reached XP level 5. HP: 38/44 MP: 5/5
  1306 | D:3      | Noticed Grinder
  1313 | D:3      | Paralysed by Grinder for 2 turns
  1646 | D:3      | Paralysed by Grinder for 5 turns
  1874 | D:3      | Paralysed by Grinder for 6 turns
  1883 | D:3      | Paralysed by Grinder for 5 turns
  1891 | D:3      | Paralysed by Grinder for 5 turns
  1922 | D:3      | Killed Grinder
  1922 | D:3      | Reached skill level 5 in Staves
  1922 | D:3      | Reached XP level 6. HP: 40/52 MP: 6/6
  2320 | D:3      | Noticed Natasha
  2331 | D:3      | Killed Natasha
  2418 | D:3      | Noticed Natasha
  2421 | D:3      | Killed Natasha
  2430 | D:3      | Noticed Natasha
  2432 | D:3      | Killed Natasha
  2683 | D:4      | Noticed namelastname112's ghost (average DrGl)
  2829 | D:4      | Reached skill level 6 in Staves
  2829 | D:4      | Your scales start taking on a lurid green colour.
  2829 | D:4      | Gained mutation: Your system is resistant to poisons. [Green Draconian growth]
  2829 | D:4      | Reached XP level 7. HP: 31/60 MP: 7/7
  2949 | D:4      | Found a sand-covered staircase.
  2958 | Ossuary  | Entered an ossuary
  3896 | Ossuary  | Reached skill level 5 in Fighting
  4281 | D:4      | Found a bloodstained altar of Trog.
  4380 | D:4      | Reached skill level 7 in Staves
  4524 | D:4      | Reached skill level 5 in Dodging
  4893 | D:4      | Killed namelastname112's ghost
  4893 | D:4      | Reached XP level 8. HP: 65/68 MP: 8/8
  4993 | D:5      | Entered Level 5 of the Dungeon
  5140 | D:5      | Found a glowing silver altar of Zin.
  5168 | D:5      | Found an iron altar of Okawaru.
  5185 | D:5      | Became a worshipper of Warmaster Okawaru
  5234 | D:5      | Found a staircase to the Ecumenical Temple.
  5254 | D:5      | Found a shadowy altar of Dithmenos.
  5355 | D:5      | Found a sacrificial altar of Ru.
  5355 | D:5      | Found a blossoming altar of Fedhas.
  6336 | D:6      | Reached skill level 8 in Staves
  6891 | D:7      | Acquired Okawaru's first power
  7237 | D:7      | Reached skill level 9 in Staves
  7237 | D:7      | Reached XP level 9. HP: 40/78 MP: 9/9
  7326 | D:7      | Noticed Crazy Yiuf
  7333 | D:7      | Killed Crazy Yiuf
  7358 | D:7      | Found Zoaruvec's Book Shop.
  7412 | D:7      | Noticed Prince Ribbit
  7431 | D:7      | Killed Prince Ribbit
  7725 | D:7      | Noticed oplop's ghost (experienced SpEn)
  7739 | D:7      | Banished oplop's ghost
  8035 | D:7      | Found a snail-covered altar of Cheibriados.
  8353 | D:8      | Reached skill level 10 in Staves
  8387 | D:8      | Found a sacrificial altar of Ru.
  8499 | D:8      | Reached skill level 1 in Crossbows
  8884 | D:8      | Found a sparkling altar of Nemelex Xobeh.
  9091 | D:9      | Reached XP level 10. HP: 79/86 MP: 10/10
  9421 | D:9      | Got a crude spear
  9422 | D:9      | Identified the +5 spear of Qutet {pierce, -Tele +Fly rPois Str+8} (You found it on level 9 of the Dungeon)
  9728 | D:9      | Noticed Pikel
  9742 | D:9      | Killed Pikel
 10350 | D:10     | Entered Level 10 of the Dungeon
 10521 | D:10     | Reached skill level 5 in Crossbows
 10876 | D:10     | Found a sacrificial altar of Ru.
 11334 | D:10     | Acquired Okawaru's second power
 11338 | D:10     | Noticed a hill giant
 11592 | D:10     | Killed a hill giant
 11592 | D:10     | Reached skill level 11 in Staves
 11785 | D:10     | Found a staircase to the Lair.
 11979 | D:11     | Reached XP level 11. HP: 93/95 MP: 11/11
 12345 | D:11     | Found a staircase to the Orcish Mines.
 12370 | D:11     | Noticed an eight-headed hydra
 12769 | D:11     | Hired Qoseank the merfolk for 276 gold.
 12800 | D:11     | Noticed a centaur warrior
 12999 | D:11     | Killed an eight-headed hydra
 13162 | Lair:1   | Entered Level 1 of the Lair of Beasts
 13536 | Lair:1   | Received a gift from Okawaru
 13673 | Lair:1   | Gained mutation: Your spells are a little easier to cast, but a little less powerful. [potion of mutation]
 13673 | Lair:1   | Gained mutation: You are robust (+10% HP). [potion of mutation]
 13673 | Lair:1   | Gained mutation: You are very robust (+20% HP). [potion of mutation]
 13843 | Lair:1   | Noticed a four-headed hydra
 13847 | Lair:1   | Killed a four-headed hydra
 14727 | Lair:2   | Reached skill level 10 in Fighting
 14767 | Lair:2   | Received a gift from Okawaru
 15078 | Lair:2   | Noticed a six-headed hydra
 15085 | Lair:2   | Killed a six-headed hydra
 15085 | Lair:2   | Reached XP level 12. HP: 101/127 MP: 12/12
 15090 | Lair:2   | Gained mutation: Your spells are easier to cast, but less powerful. [helix card]
 15091 | Lair:2   | Drew Focus: Str increased to 19, Int decreased to 9
 15095 | Lair:2   | Hired Sidd the merfolk for 361 gold.
 15126 | Lair:2   | Noticed a four-headed hydra
 15130 | Lair:2   | Killed a four-headed hydra
 15303 | Lair:2   | Noticed a five-headed hydra
 15311 | Lair:2   | Killed a five-headed hydra
 15897 | Lair:3   | Found a dark tunnel.
 15904 | Volcano  | Entered a volcano
 15936 | Volcano  | Reached skill level 12 in Staves
 16683 | Lair:4   | Received a gift from Okawaru
 16784 | Lair:4   | Noticed a five-headed hydra
 16792 | Lair:4   | Killed a five-headed hydra
 16923 | Lair:4   | Reached skill level 10 in Dodging
 17003 | Lair:4   | Noticed a seven-headed hydra
 17058 | Lair:4   | Killed a seven-headed hydra
 17092 | Lair:4   | Received a gift from Okawaru
 17150 | Lair:4   | Identified a scroll of acquirement
 17288 | Lair:5   | Found a hole to the Spider Nest.
 17397 | Lair:5   | Reached skill level 10 in Crossbows
 17442 | Lair:5   | Received a gift from Okawaru
 17601 | Lair:5   | Found a staircase to the Shoals.
 18198 | Lair:6   | Noticed Rupert
 18214 | Lair:6   | Killed Rupert
 18214 | Lair:6   | Received a gift from Okawaru
 18214 | Lair:6   | Reached XP level 13. HP: 105/139 MP: 13/13
 18214 | Lair:6   | Your ally Sidd died
 18220 | Lair:6   | Received a gift from Okawaru
 18441 | Lair:6   | Found a staircase to the Slime Pits.
 18618 | Lair:6   | Was placed under penance by Okawaru
 19088 | Lair:7   | Noticed an orc warlord
 19088 | Lair:7   | Noticed a deep elf master archer
 19404 | Lair:7   | Was forgiven by Okawaru
 19691 | Lair:7   | Killed a deep elf master archer
 19833 | Lair:7   | Noticed Nessos
 19835 | Lair:7   | Noticed Snorg
 19840 | Lair:7   | Killed Nessos
 19845 | Lair:7   | Killed Snorg
 20152 | Lair:7   | Learned a level 1 spell: Apportation
 20481 | Lair:7   | Reached skill level 13 in Staves
 20750 | Lair:8   | Entered Level 8 of the Lair of Beasts
 20780 | Lair:8   | Received a gift from Okawaru
 21225 | Lair:8   | Found a frozen archway.
 21249 | Lair:8   | Received a gift from Okawaru
 21290 | IceCv    | Entered an ice cave
 21619 | IceCv    | Gained mutation: Your tail ends in a poisonous barb. [Green Draconian growth]
 21619 | IceCv    | Reached XP level 14. HP: 151/151 MP: 14/14
 23085 | Lair:8   | Received a gift from Okawaru
 23562 | D:11     | Killed a centaur warrior
 23573 | Orc:1    | Entered Level 1 of the Orcish Mines
 23765 | Orc:2    | Found a roughly hewn altar of Beogh.
 23794 | Orc:2    | Received a gift from Okawaru
 23814 | Orc:2    | Identified a +2 pair of boots of running (Okawaru gifted it to you on level 2 of the Orcish Mines)
 24018 | Orc:3    | Noticed Urug
 24042 | Orc:3    | Killed Urug
 24045 | Orc:3    | Found Cecrapn's Magic Scroll Shop.
 24100 | Orc:3    | Found Byoxon's Antique Armour Boutique.
 24106 | Orc:3    | Bought a pair of glowing gloves for 148 gold pieces
 24200 | Orc:3    | Found Cuurobudgh's Magic Scroll Shoppe.
 25143 | Orc:2    | Noticed an orc warlord
 25191 | Orc:2    | Killed an orc warlord
 25624 | Orc:2    | Paralysed by an orc sorcerer for 3 turns
 25681 | Orc:2    | Found a roughly hewn altar of Beogh.
 26103 | Orc:1    | Noticed Erolcha
 26136 | Orc:1    | Killed Erolcha
 26136 | Orc:1    | Reached skill level 14 in Staves
 26317 | Orc:1    | Found Ziqug's Food Shop.
 26359 | Orc:1    | Noticed Maurice
 26366 | Orc:1    | Killed Maurice
 26588 | Orc:4    | Entered Level 4 of the Orcish Mines
 26687 | Orc:4    | Found a roughly hewn altar of Beogh.
 26844 | Orc:4    | Noticed Donald
 26851 | Orc:4    | Killed Donald
 26968 | Orc:4    | Found a staircase to the Elven Halls.
 27140 | Orc:4    | Received a gift from Okawaru
 27148 | Orc:4    | Reached XP level 15. HP: 141/163 MP: 15/15
 27252 | Orc:4    | Found Qearer's Armour Shoppe.
 27252 | Orc:4    | Found Wetear's General Store.
 27262 | Orc:4    | Found Qunoegru's Magic Scroll Emporium.
 27265 | Orc:4    | Found Usaopoob's Antique Armour Boutique.
 27985 | D:12     | Found Goco Satse's Antique Armour Shoppe.
 28032 | D:12     | Found Ymut's Weapon Emporium.
 28132 | D:12     | Found a shadowy altar of Dithmenos.
 28223 | D:12     | Found Lidavyur's Magic Scroll Boutique.
 28561 | D:12     | Found Ron Muc's Assorted Antiques.
 28597 | D:12     | Noticed Frances
 28608 | D:12     | Killed Frances
 28750 | D:12     | Found Jagut's Weapon Emporium.
 29000 | D:13     | Found a gate to the Vaults.
 29065 | D:13     | Received a gift from Okawaru
 29100 | D:13     | Got a steaming quarterstaff {god gift}
 29101 | D:13     | Identified the +7 quarterstaff "Iloenaegg" {speed, rN+} (Okawaru gifted it to you on level 13 of the Dungeon)
 29951 | D:14     | Received a gift from Okawaru
 31120 | D:15     | Entered Level 15 of the Dungeon
 31173 | D:15     | Received a gift from Okawaru
 31576 | D:15     | Noticed oplop's ghost (powerful SpEn)
 31589 | D:15     | Killed oplop's ghost
 31688 | D:15     | Received a gift from Okawaru
 31690 | D:15     | Reached XP level 16. HP: 175/175 MP: 16/16
 31703 | D:15     | Found a staircase to the Depths.
 32271 | D:15     | Reached skill level 15 in Staves
 32271 | D:15     | Reached skill level 15 in Crossbows
 33465 | Elf:1    | Entered Level 1 of the Elven Halls
 34347 | Elf:1    | Found Yrhog's Book Boutique.
 34530 | Elf:1    | Received a gift from Okawaru
 34684 | Elf:1    | Received a gift from Okawaru
 34740 | Elf:1    | Got a faintly glowing cloak {god gift}
 34751 | Elf:1    | Identified the +2 cloak of the Sea {rC+ Dex+4} (Okawaru gifted it to you on level 1 of the Elven Halls)
 35628 | Elf:2    | Found Bytaz's Armour Shoppe.
 35899 | Elf:2    | Reached skill level 15 in Fighting
 35913 | Elf:2    | Found a runed door.
 35944 | Elf:2    | Found a runed door.
 36117 | Elf:2    | Received a gift from Okawaru
 36128 | Elf:2    | Reached XP level 17. HP: 42/187 MP: 17/17
 36591 | Elf:2    | Reached skill level 16 in Crossbows
 36765 | Elf:3    | Entered Level 3 of the Elven Halls
 36909 | Elf:3    | Noticed an Ice Fiend
 36909 | Elf:3    | Cast into the Abyss (a deep elf demonologist)
 36909 | Abyss:1  | Found a corrupted altar of Lugonu.
 36971 | Abyss:1  | Noticed a bone dragon
 37608 | Abyss:1  | Noticed a hellephant
 39196 | Abyss:1  | Noticed a lich
 39198 | Abyss:1  | Paralysed by a lich for 2 turns
 39211 | Elf:3    | Escaped the Abyss
 39216 | Elf:3    | Noticed an Ice Fiend
 39877 | Elf:3    | Received a gift from Okawaru
 40092 | Elf:3    | Received a gift from Okawaru
 40510 | Elf:3    | Received a gift from Okawaru
 40524 | Elf:3    | Reached skill level 17 in Crossbows
 40532 | Elf:3    | Reached XP level 18. HP: 166/199 MP: 18/18
 40533 | Elf:3    | Noticed a Brimstone Fiend
 40536 | Elf:3    | Received a gift from Okawaru
 40856 | Elf:3    | Received a gift from Okawaru
 40966 | Elf:3    | Got a bloodstained quarterstaff {god gift}
 40973 | Elf:3    | Identified the +8 quarterstaff "Ryemur" {freeze, Str+3 Dex+2} (Okawaru gifted it to you on level 3 of the Elven Halls)
 41234 | Elf:3    | Found a deep blue altar of Sif Muna.
 41519 | Elf:3    | Identified the Grimoire of Necromancy
 41524 | Elf:3    | Learned a level 3 spell: Regeneration
 42083 | Lair:1   | Drew Focus: Str increased to 20, Int decreased to 8
 42084 | Lair:1   | Lost mutation: Your spells are easier to cast, but less powerful. [helix card]
 42197 | Orc:3    | Bought a scroll of brand weapon for 240 gold pieces
 42277 | Orc:4    | Bought a scroll of brand weapon for 200 gold pieces
 42277 | Orc:4    | Bought a scroll of blinking for 75 gold pieces
 42277 | Orc:4    | Bought a scroll of blinking for 75 gold pieces
 42558 | Spider:1 | Entered Level 1 of the Spider Nest
 42822 | Spider:1 | Reached skill level 1 in Translocations
 42824 | Spider:1 | Received a gift from Okawaru
 42824 | Spider:1 | Reached skill level 1 in Spellcasting
 43062 | Spider:1 | Reached skill level 1 in Charms
 45589 | Spider:3 | Noticed Arachne
 45607 | Spider:4 | Entered Level 4 of the Spider Nest
 45675 | Spider:4 | Received a gift from Okawaru
 45678 | Spider:4 | Got a pair of bloodstained gloves {god gift}
 45690 | Spider:4 | Identified the +0 pair of gloves of Divine Intervention {+Fly rElec rF+} (Okawaru gifted it to you on level 4 of the Spider Nest)
 46075 | Spider:4 | Reached skill level 5 in Translocations
 46455 | Spider:4 | Reached skill level 5 in Charms
 46691 | Spider:4 | Reached skill level 5 in Spellcasting
 47136 | Spider:4 | Received a gift from Okawaru
 47158 | Spider:4 | Reached XP level 19. HP: 159/206 MP: 2/27
 47668 | Spider:4 | Got a gossamer rune of Zot
 47769 | Spider:4 | Received a gift from Okawaru
 48727 | Spider:3 | Received a gift from Okawaru
 48747 | Spider:3 | Got an ichor-stained shield {god gift}
 49291 | Spider:3 | Killed Arachne
 49605 | Lair:1   | Identified the +4 shield of the Princess {rC+ rN+ Str+2} (Okawaru gifted it to you on level 3 of the Spider Nest)
 49615 | Lair:1   | Learned a level 3 spell: Flight
 49761 | Vaults:1 | Entered Level 1 of the Vaults
 50086 | Vaults:1 | Got a pitted arbalest
 50734 | Vaults:1 | Paralysed by an ogre mage for 4 turns
 50843 | Vaults:1 | Received a gift from Okawaru
 51037 | Vaults:1 | Noticed Wiglaf
 51045 | Vaults:1 | Killed Wiglaf
 51400 | Vaults:1 | Identified the +5 arbalest "Wellalo" {elec, Dex+2} (You found it on level 1 of the Vaults)
 51514 | Vaults:1 | Received a gift from Okawaru
 51833 | Vaults:1 | Received a gift from Okawaru
 52258 | Vaults:2 | Received a gift from Okawaru
 52469 | Vaults:2 | Noticed Mennas
 52540 | Vaults:1 | HP: 14/309 [ironheart preserver/morningstar[a vault warden] (30)]
 52552 | Vaults:1 | HP: 8/206 [red ugly thing (10)]
 53277 | Vaults:2 | Killed Mennas
 53277 | Vaults:2 | Received a gift from Okawaru
 53277 | Vaults:2 | Reached XP level 20. HP: 146/217 MP: 31/33
 53372 | Vaults:2 | Received a gift from Okawaru
 53772 | Vaults:2 | Received a gift from Okawaru
 53782 | Vaults:2 | Reached skill level 10 in Translocations
 55223 | Vaults:2 | Received a gift from Okawaru
 55235 | Vaults:2 | Got a distressingly furry cloak {god gift}
 55236 | Vaults:2 | Identified the +0 cloak of the Loofah {MR+ Str+4} (Okawaru gifted it to you on level 2 of the Vaults)
 56439 | Vaults:3 | Received a gift from Okawaru
 56533 | Vaults:3 | Received a gift from Okawaru
 56709 | Vaults:3 | Reached skill level 18 in Crossbows
 57026 | Vaults:3 | Found a staircase to the Crypt.
 57026 | Vaults:3 | Found an ancient bone altar of Kikubaaqudgha.
 57027 | Vaults:3 | Found a basalt altar of Yredelemnul.
 57450 | Vaults:4 | Reached XP level 21. HP: 195/228 MP: 34/34
 57473 | Vaults:4 | Reached skill level 15 in Dodging
 57659 | Vaults:4 | Found Lumumn's Food Shop.
 57663 | Vaults:4 | Received a gift from Okawaru
 57741 | Vaults:4 | Got a pair of ichor-stained gloves {god gift}
 57771 | Vaults:4 | Identified the +0 pair of gloves "Aradot" {rPois Regen+} (Okawaru gifted it to you on level 4 of the Vaults)
 58853 | Shoals:1 | Entered Level 1 of the Shoals
 59194 | Shoals:1 | Received a gift from Okawaru
 59344 | Shoals:1 | Found Viamugits's Jewellery Boutique.
 59368 | Shoals:1 | Bought the ring "Hyetun" {+Fly rPois Str+4 Dex+3 Slay+5} for 2227 gold pieces
 59948 | Shoals:2 | Reached skill level 19 in Crossbows
 59958 | Shoals:2 | Found Tomic's Assorted Antiques.
 60008 | Shoals:2 | Got a coiled brass ring
 60009 | Shoals:2 | Identified the ring "Egumeuge" {rPois Str-3 Slay+5} (You found it on level 2 of the Shoals)
 60467 | Shoals:3 | Received a gift from Okawaru
 60597 | Shoals:3 | Noticed Ilsuiw
 60604 | Shoals:3 | Killed Ilsuiw
 60606 | Shoals:3 | Received a gift from Okawaru
 60988 | Shoals:3 | Noticed Polyphemus
 60993 | Shoals:3 | Killed Polyphemus
 61183 | Shoals:4 | Entered Level 4 of the Shoals
 61194 | Shoals:4 | Noticed ImmaFairy's ghost (mighty FoFi)
 61195 | Shoals:4 | Reached XP level 22. HP: 235/241 MP: 35/35
 61359 | Shoals:4 | Killed ImmaFairy's ghost
 61562 | Shoals:4 | Received a gift from Okawaru
 61786 | Shoals:4 | Noticed trelanon's ghost (mighty VSMo)
 61798 | Shoals:4 | Killed trelanon's ghost
 62118 | Shoals:4 | Received a gift from Okawaru
 62285 | Shoals:4 | Received a gift from Okawaru
 62307 | Shoals:4 | Got a barnacled rune of Zot
 63391 | Depths:1 | Entered Level 1 of the Depths
 63567 | Depths:1 | Found a gateway to Hell.
 63621 | Depths:1 | Found a glowing silver altar of Zin.
 64110 | Depths:1 | Got a slimy turquoise ring
 64111 | Depths:1 | Identified the ring "Qobaib" {+/*Tele +Inv rN+} (You found it on level 1 of the Depths)
 64236 | Depths:1 | Reached skill level 20 in Crossbows
 64417 | Depths:1 | Received a gift from Okawaru
 64563 | Depths:1 | Received a gift from Okawaru
 64672 | Depths:2 | Found a flickering gateway to a bazaar.
 64682 | Bazaar   | Entered a bazaar
 64682 | Bazaar   | Found Pehoh's Gadget Shoppe.
 64692 | Bazaar   | Found Ziose Bytip's Antique Armour Boutique.
 64704 | Bazaar   | Found Rina's Distillery.
 64709 | Bazaar   | Found Ududo's General Store.
 64722 | Bazaar   | Found Ifao's Antique Weapon Boutique.
 64757 | Bazaar   | Bought the +0 mask of the Dragon {MR+ Slay+3 SInv} for 1068 gold pieces
 65422 | Depths:2 | Found a one-way gate leading to the halls of Pandemonium.
 65626 | Depths:2 | Reached XP level 23. HP: 241/253 MP: 36/36
 65684 | Depths:2 | Received a gift from Okawaru
 66851 | Depths:3 | Received a gift from Okawaru
 67191 | Depths:3 | Paralysed by a giant eyeball for 3 turns
 67339 | Depths:3 | Reached XP level 24. HP: 263/263 MP: 36/36
 67449 | Depths:3 | Noticed an ancient lich
 67449 | Depths:3 | Noticed Mara
 67450 | Depths:3 | Noticed namelastname112's illusion
 67455 | Depths:3 | Killed an ancient lich
 67455 | Depths:3 | Received a gift from Okawaru
 67680 | Depths:3 | Killed Mara
 67680 | Depths:3 | Reached skill level 21 in Crossbows
 67955 | Depths:3 | Received a gift from Okawaru
 68588 | Depths:3 | Noticed Maud
 68597 | Depths:3 | Killed Maud
 68597 | Depths:3 | Received a gift from Okawaru
 68629 | Depths:3 | Got a translucent bone ring
 68630 | Depths:3 | Identified the ring "Ampun" {rElec rF+ SInv} (You found it on level 3 of the Depths)
 69102 | Depths:4 | Received a gift from Okawaru
 69307 | Depths:4 | Found a one-way gate to the infinite horrors of the Abyss.
 69491 | Depths:4 | Received a gift from Okawaru
 69614 | Depths:4 | Got an ancient lead ring
 69615 | Depths:4 | Identified the ring "Agepnym" {MP+9 Str+3 Dex+2} (You found it on level 4 of the Depths)
 69802 | Depths:4 | Reached XP level 25. HP: 218/271 MP: 36/36
 69816 | Depths:4 | Identified Sif Muna's Guide on Dusty Self-Improvement
 69822 | Depths:4 | Learned a level 4 spell: Control Teleport
 70107 | Depths:4 | Found Nucif's Armour Emporium.
 70342 | Depths:5 | Entered Level 5 of the Depths
 70888 | Depths:5 | Found a gate to the Realm of Zot.
 71006 | Depths:5 | Noticed Sojobo
 71018 | Depths:5 | Killed Sojobo
 71031 | Depths:5 | Received a gift from Okawaru
 71277 | Depths:5 | Found a gateway to a ziggurat.
 71494 | Depths:5 | Received a gift from Okawaru
 71704 | Depths:5 | Reached skill level 22 in Crossbows
 72576 | Vaults:5 | Entered Level 5 of the Vaults
 72579 | Vaults:5 | Noticed an ancient lich
 73164 | Vaults:5 | Received a gift from Okawaru
 73211 | Vaults:5 | Received a gift from Okawaru
 73881 | Vaults:5 | Noticed Boris
 73889 | Vaults:5 | Killed Boris
 74263 | Vaults:5 | Received a gift from Okawaru
 74355 | Vaults:5 | Received a gift from Okawaru
 74424 | Vaults:5 | Reached XP level 26. HP: 237/286 MP: 36/36
 74457 | Vaults:5 | Noticed Saint Roka
 74467 | Vaults:5 | Killed Saint Roka
 75467 | Vaults:5 | Reached skill level 23 in Crossbows
 75571 | Vaults:5 | Got a silver rune of Zot
 75654 | Vaults:5 | Killed an ancient lich
 75776 | Vaults:5 | Identified the Incunabulum of the Glacier (You found it on level 5 of the Vaults)
 75783 | Vaults:5 | Received a gift from Okawaru
 75880 | Vaults:5 | Noticed an ancient lich
 75882 | Vaults:5 | Killed an ancient lich
 76111 | Vaults:5 | Received a gift from Okawaru
 76179 | Vaults:5 | Got an uncursed shimmering great sword
 76180 | Vaults:5 | Identified the +6 great sword "Ecimo" {drain, rF+ rN+ MR- Dex+2} (You took it off a deep elf priest on level 5 of the Vaults)
 76577 | D:7      | Bought a manual of Short Blades for 1324 gold pieces
 76855 | Crypt:1  | Entered Level 1 of the Crypt
 76864 | Crypt:1  | Reached skill level 1 in Short Blades
 77222 | Crypt:1  | Reached skill level 5 in Short Blades
 77481 | Crypt:1  | Reached skill level 1 in Stealth
 77644 | Crypt:2  | Received a gift from Okawaru
 77650 | Crypt:2  | Got a distressingly furry cloak {god gift}
 77651 | Crypt:2  | Identified the +2 cloak of Dulludeh {MR+ Dex+4} (Okawaru gifted it to you on level 2 of the Crypt)
 78358 | Crypt:2  | Gained mutation: You can translocate small distances at will. [potion of beneficial mutation]
 78689 | Crypt:3  | Entered Level 3 of the Crypt
 78873 | Crypt:3  | Reached skill level 5 in Stealth
 78993 | Crypt:3  | Reached skill level 10 in Short Blades
 79119 | Crypt:3  | Reached XP level 27. HP: 263/296 MP: 36/36
 79228 | Crypt:3  | Noticed an ancient lich
 79231 | Crypt:3  | Killed an ancient lich
 79281 | Crypt:3  | Found an ancient bone altar of Kikubaaqudgha.
 79334 | Crypt:3  | Identified the Disquisition on Boosting Dark Rites (You found it on level 3 of the Crypt)
 79372 | Crypt:3  | Identified Igoilig's Collected Works on Lucky Necromancy (You found it on level 3 of the Crypt)
 79711 | Crypt:3  | Found a staircase to the Tomb.
 80374 | Zot:1    | Entered Level 1 of the Realm of Zot
 80398 | Zot:1    | Received a gift from Okawaru
 80537 | Zot:1    | Noticed an orb of fire
 80550 | Zot:1    | Killed an orb of fire
 83211 | Zot:3    | Received a gift from Okawaru
 83458 | Zot:3    | Reached skill level 1 in Invocations
 83581 | Zot:3    | Noticed an orb of fire
 83583 | Zot:3    | Killed an orb of fire
 83583 | Zot:3    | Reached skill level 1 in Evocations
 83789 | Zot:4    | Found a burning altar of Makhleb.
 84014 | Zot:4    | Received a gift from Okawaru
 84022 | Zot:4    | Got a transparent cloak {god gift}
 84023 | Zot:4    | Identified the +2 cloak of Botaud {rF+} (Okawaru gifted it to you on level 4 of the Realm of Zot)
 84696 | Zot:4    | Identified the Incunabulum of the Zealot
 84700 | Zot:4    | Learned a level 2 spell: Blink
 84704 | Zot:4    | Learned a level 3 spell: Portal Projectile
 84714 | Zot:4    | Identified the Tome of Fire and Brimstone
 84950 | Zot:4    | Reached skill level 5 in Invocations
 85036 | Zot:4    | Reached skill level 15 in Short Blades
 85295 | Zot:5    | Entered Level 5 of the Realm of Zot
 85541 | Zot:5    | Reached skill level 24 in Crossbows
 85745 | Zot:5    | Reached skill level 5 in Evocations
 85996 | Zot:5    | Received a gift from Okawaru
 85998 | Zot:5    | Noticed an ancient lich
 86002 | Zot:5    | Killed an ancient lich
 86016 | Zot:5    | Received a gift from Okawaru
 86232 | Zot:5    | Noticed an orb of fire
 86264 | Zot:5    | Killed an orb of fire
 86439 | Zot:5    | Noticed an orb of fire
 86445 | Zot:5    | Killed an orb of fire
 86446 | Zot:5    | Noticed an orb of fire
 86452 | Zot:5    | Killed an orb of fire
 86489 | Zot:5    | Received a gift from Okawaru
 86500 | Zot:5    | Noticed an ancient lich
 86503 | Zot:5    | Noticed an ancient lich
 86504 | Zot:5    | Killed an ancient lich
 86507 | Zot:5    | Killed an ancient lich
 86507 | Zot:5    | Received a gift from Okawaru
 86606 | Zot:5    | Noticed an ancient lich
 86610 | Zot:5    | Killed an ancient lich
 86861 | Zot:5    | Noticed an ancient lich
 86868 | Zot:5    | Killed an ancient lich
 86868 | Zot:5    | Reached skill level 10 in Invocations
 87038 | Zot:5    | Noticed an ancient lich
 87044 | Zot:5    | Noticed an ancient lich
 87044 | Zot:5    | Killed an ancient lich
 87044 | Zot:5    | Received a gift from Okawaru
 87074 | Zot:5    | Noticed an ancient lich
 87411 | Zot:5    | Killed an ancient lich
 87577 | Zot:5    | Noticed an ancient lich
 87580 | Zot:5    | Killed an ancient lich
 87696 | Zot:5    | Killed an ancient lich
 88353 | Elf:1    | Bought a book of Enchantments for 750 gold pieces
 88360 | Elf:1    | Learned a level 6 spell: Haste
 88367 | Elf:1    | Learned a level 6 spell: Deflect Missiles
 88784 | Depths:4 | Received a gift from Okawaru
 88867 | Depths:4 | Voluntarily entered the Abyss.
 88867 | Abyss:1  | Found a corrupted altar of Lugonu.
 88884 | Abyss:1  | Reached skill level 1 in Air Magic
 88896 | Abyss:2  | Found a corrupted altar of Lugonu.
 89223 | Abyss:2  | Received a gift from Okawaru
 89304 | Abyss:3  | Found a viscous altar of Jiyva.
 89587 | Abyss:3  | Found a burning altar of Makhleb.
 89701 | Abyss:3  | Reached skill level 10 in Charms
 90167 | Abyss:3  | Paralysed by accursed screaming for 2 turns
 90213 | Abyss:3  | Reached skill level 10 in Spellcasting
 90228 | Abyss:3  | Found a corrupted altar of Lugonu.
 90531 | Abyss:3  | Found a stormy altar of Qazlal.
 90863 | Abyss:3  | Received a gift from Okawaru
 90909 | Abyss:3  | Got a sapphire arbalest {god gift}
 90910 | Abyss:3  | Identified the +8 arbalest of Eternity {elec, rC- rN+++ Str+3 Int-2} (Okawaru gifted it to you on level 3 of the Abyss)
 90956 | Abyss:3  | Found a corrupted altar of Lugonu.
 90966 | Abyss:3  | Reached skill level 5 in Air Magic
 90977 | Abyss:3  | Got an abyssal rune of Zot
 91166 | Abyss:3  | Found a corrupted altar of Lugonu.
 91453 | Depths:4 | Escaped the Abyss
 91557 | Zig:1    | Entered Level 1 of a ziggurat
 91579 | Zig:2    | Entered Level 2 of a ziggurat
 91598 | Zig:2    | Reached skill level 10 in Evocations
 91685 | Zig:3    | Entered Level 3 of a ziggurat
 91731 | Zig:4    | Entered Level 4 of a ziggurat
 91904 | Zig:5    | Entered Level 5 of a ziggurat
 91996 | Zig:6    | Entered Level 6 of a ziggurat
 92173 | Zig:7    | Entered Level 7 of a ziggurat
 92186 | Zig:7    | Received a gift from Okawaru
 92291 | Zig:7    | Got a crude granite ring
 92292 | Zig:7    | Identified the ring of Kawkidez {rPois rF- rN++ Str+2 Dex+2} (You found it on level 7 of a ziggurat)
 92374 | Zig:8    | Entered Level 8 of a ziggurat
 92422 | Zig:8    | Received a gift from Okawaru
 92721 | Zig:9    | Entered Level 9 of a ziggurat
 92882 | Zig:9    | Got a twitching amber ring
 92883 | Zig:9    | Identified the ring of Rimn {EV+3 Str+6} (You found it on level 9 of a ziggurat)
 92886 | Zig:9    | Got a pair of ichor-stained gloves
 92887 | Zig:9    | Identified the +1 pair of gloves of Vanity {rElec MR+ Regen+ Str-3} (You found it on level 9 of a ziggurat)
 92929 | Zig:9    | Identified a +4 rod of clouds (14/14) (You found it on level 9 of a ziggurat)
 92937 | Zig:9    | Gained mutation: You have very sharp teeth. [potion of beneficial mutation]
 92963 | Zig:10   | Entered Level 10 of a ziggurat
 92980 | Zig:10   | Received a gift from Okawaru
 93546 | Lair:1   | Learned a level 5 spell: Silence
 93911 | Hell     | Entered the Vestibule of Hell
 93911 | Hell     | Noticed Geryon
 93938 | Hell     | Killed Geryon
 94007 | Hell     | Found a gateway to the freezing wastes of Cocytus.
 94129 | Hell     | Noticed Murray
 94137 | Hell     | Killed Murray
 94219 | Hell     | Found a gateway to the ashen valley of Gehenna.
 94226 | Hell     | Received a gift from Okawaru
 94455 | Hell     | Received a gift from Okawaru
 94474 | Hell     | Found a gateway to the decaying netherworld of Tartarus.
 94713 | Hell     | Received a gift from Okawaru
 94861 | Hell     | Found a gateway to the Iron City of Dis.
 95009 | Hell     | Upgraded the game from 0.17-a0-910-ga669010 to 0.17-a0-913-g36eb389
 95389 | Tomb:1   | Entered Level 1 of the Tomb of the Ancients
 95465 | Tomb:1   | Noticed Frederick
 95469 | Tomb:1   | Killed Frederick
 96345 | Tomb:1   | Received a gift from Okawaru
 96345 | Tomb:1   | Reached skill level 10 in Air Magic
 96675 | Tomb:1   | Reached skill level 1 in Hexes
 98565 | Slime:1  | Entered Level 1 of the Pits of Slime
 98663 | Slime:3  | Lost mutation: You are very robust (+20% HP). [a shining eye]
 98749 | Slime:5  | Noticed Dissolution
 98752 | Slime:5  | Killed Dissolution
 98866 | Slime:6  | Entered Level 6 of the Pits of Slime
 98899 | Slime:6  | Reached skill level 5 in Hexes
 99203 | Slime:6  | Received a gift from Okawaru
 99310 | Slime:6  | Noticed the royal jelly
 99335 | Slime:6  | Killed the royal jelly
 99335 | Slime:6  | Received a gift from Okawaru
 99469 | Slime:6  | Got a crystal rapier {god gift}
 99475 | Slime:6  | Identified Ozocubu's Collected Works on Ice
 99480 | Slime:6  | Got a slimy rune of Zot
 99567 | Slime:6  | Identified the +4 rapier "Worm's Wrath" {freeze, rF+ MR+} (Okawaru gifted it to you on level 6 of the Pits of Slime)
 99846 | Lair:1   | Learned a level 7 spell: Controlled Blink
100132 | Pan      | Entered Pandemonium
100454 | Pan      | Noticed Sajuk the pandemonium lord
100487 | Pan      | Killed Sajuk the pandemonium lord
100539 | Pan      | Received a gift from Okawaru
100543 | Pan      | Reached skill level 25 in Crossbows
100831 | Pan      | Got a demonic rune of Zot
100993 | Pan      | Found an exit through the horrors of the Abyss.
101157 | Pan      | Found a runed door.
101175 | Pan      | Found a runed door.
101448 | Pan      | Found a runed door.
101460 | Pan      | Found a runed door.
101739 | Pan      | Found an exit through the horrors of the Abyss.
102176 | Pan      | Noticed Giqeiraz the pandemonium lord
102325 | Pan      | Noticed Plog the pandemonium lord
102337 | Pan      | Found an exit through the horrors of the Abyss.
102742 | Pan      | Killed Plog the pandemonium lord
102742 | Pan      | Received a gift from Okawaru
103405 | Pan      | Entered the realm of Mnoleg.
103483 | Pan      | Got a pair of jewelled gloves
103484 | Pan      | Identified the +1 pair of gloves "Joust" {rN+ Str+4 Int+3} (You found it in Pandemonium)
103552 | Pan      | Found an exit through the horrors of the Abyss.
103708 | Pan      | Paralysed by a giant eyeball for 4 turns
103831 | Pan      | Noticed Mnoleg
103965 | Pan      | Paralysed by a giant eyeball for 4 turns
103985 | Pan      | Killed Mnoleg
104259 | Pan      | Got a glowing rune of Zot
104736 | Pan      | Entered the realm of Lom Lobon.
105177 | Pan      | Received a gift from Okawaru
105239 | Pan      | Reached skill level 15 in Spellcasting
105455 | Pan      | Noticed Lom Lobon
105481 | Pan      | Killed Lom Lobon
105481 | Pan      | Reached skill level 15 in Charms
105554 | Pan      | Got a magical rune of Zot
105674 | Pan      | Found an exit through the horrors of the Abyss.
105764 | Depths:2 | Escaped Pandemonium
106331 | Pan      | Entered Pandemonium
106333 | Pan      | Found an exit through the horrors of the Abyss.
106966 | Pan      | Received a gift from Okawaru
108433 | Pan      | Found an exit through the horrors of the Abyss.
108683 | Pan      | Noticed Cuobubeuh the pandemonium lord
108693 | Pan      | Killed Cuobubeuh the pandemonium lord
108693 | Pan      | Received a gift from Okawaru
108886 | Pan      | Received a gift from Okawaru
109053 | Pan      | Noticed Suisoafu the pandemonium lord
109070 | Pan      | Killed Suisoafu the pandemonium lord
109070 | Pan      | Received a gift from Okawaru
109271 | Pan      | Reached skill level 26 in Crossbows
109291 | Pan      | Reached skill level 15 in Translocations
109355 | Pan      | Received a gift from Okawaru
109443 | Pan      | Received a gift from Okawaru
109836 | Pan      | Found an exit through the horrors of the Abyss.
110476 | Pan      | Noticed Zytaden the pandemonium lord
110480 | Pan      | Killed Zytaden the pandemonium lord
110990 | Pan      | Found an exit through the horrors of the Abyss.
111786 | Pan      | Noticed Cehir the pandemonium lord
111793 | Pan      | Killed Cehir the pandemonium lord
111793 | Pan      | Received a gift from Okawaru
111997 | Pan      | Entered the realm of Cerebov.
111997 | Pan      | Found an exit through the horrors of the Abyss.
113168 | Pan      | Noticed Cerebov
113225 | Pan      | Killed Cerebov
113225 | Pan      | Received a gift from Okawaru
113225 | Pan      | Received a gift from Okawaru
113330 | Pan      | Learned a level 5 spell: Phase Shift
113359 | Pan      | Received a gift from Okawaru
113580 | Pan      | Got a fiery rune of Zot
113921 | Pan      | Noticed Holipn the pandemonium lord
113931 | Pan      | Killed Holipn the pandemonium lord
114227 | Pan      | Found an exit through the horrors of the Abyss.
114691 | Pan      | Entered the realm of Gloorx Vloq.
114724 | Pan      | Found a gateway to a ziggurat.
114810 | Zig:1    | Entered Level 1 of a ziggurat
114835 | Zig:2    | Entered Level 2 of a ziggurat
114871 | Zig:3    | Entered Level 3 of a ziggurat
114916 | Zig:4    | Entered Level 4 of a ziggurat
114988 | Zig:5    | Entered Level 5 of a ziggurat
115140 | Zig:6    | Entered Level 6 of a ziggurat
115266 | Zig:7    | Entered Level 7 of a ziggurat
115302 | Zig:7    | Received a gift from Okawaru
115366 | Zig:8    | Entered Level 8 of a ziggurat
115416 | Zig:8    | Reached skill level 27 in Crossbows
115459 | Zig:8    | Gained mutation: You are somewhat resistant to further mutation. [potion of beneficial mutation]
115598 | Zig:9    | Entered Level 9 of a ziggurat
115624 | Zig:9    | Received a gift from Okawaru
115738 | Zig:10   | Entered Level 10 of a ziggurat
115755 | Zig:10   | Noticed Xong the pandemonium lord
115755 | Zig:10   | Noticed Dexil the pandemonium lord
115756 | Zig:10   | Noticed Desokus the pandemonium lord
115841 | Pan      | Found an exit through the horrors of the Abyss.
116749 | Pan      | Noticed Gloorx Vloq
116792 | Pan      | Killed Gloorx Vloq
116933 | Pan      | Got a dark rune of Zot
117402 | Pan      | Received a gift from Okawaru
117476 | Pan      | Found an exit through the horrors of the Abyss.
117930 | Pan      | Noticed Locuek the pandemonium lord
117941 | Pan      | Killed Locuek the pandemonium lord
117941 | Pan      | Received a gift from Okawaru
118139 | Pan      | Paralysed by a giant eyeball for 3 turns
118149 | Pan      | Found a gateway to a ziggurat.
118183 | Zig:1    | Entered Level 1 of a ziggurat
118214 | Zig:2    | Entered Level 2 of a ziggurat
118252 | Zig:3    | Entered Level 3 of a ziggurat
118302 | Zig:4    | Entered Level 4 of a ziggurat
118362 | Zig:5    | Entered Level 5 of a ziggurat
118455 | Zig:6    | Entered Level 6 of a ziggurat
118525 | Zig:6    | Got a steaming diamond amulet
118526 | Zig:6    | Identified the amulet of Heydgh {Gourm +Fly rC+ Int+2} (You found it on level 6 of a ziggurat)
118613 | Zig:7    | Entered Level 7 of a ziggurat
118743 | Zig:8    | Entered Level 8 of a ziggurat
118911 | Zig:9    | Entered Level 9 of a ziggurat
119116 | Zig:10   | Entered Level 10 of a ziggurat
119286 | Zig:11   | Entered Level 11 of a ziggurat
119352 | Zig:11   | Received a gift from Okawaru
119528 | Zig:11   | Got a twitching turquoise ring
119529 | Zig:11   | Identified the ring "Ysinyhew" {+Inv rC+ rN+ Stlth-} (You found it on level 11 of a ziggurat)
119631 | Pan      | Found an exit through the horrors of the Abyss.
120005 | Pan      | Noticed Feeckaso the pandemonium lord
120039 | Pan      | Killed Feeckaso the pandemonium lord
120492 | Pan      | Found an exit through the horrors of the Abyss.
120591 | Pan      | Noticed Jiunujaen the pandemonium lord
120607 | Pan      | Killed Jiunujaen the pandemonium lord
120635 | Pan      | Got a faintly glowing lead ring
120636 | Pan      | Identified the ring of Vodah {Contam rF+ MP+9 Int+3} (You found it in Pandemonium)
120868 | Pan      | Received a gift from Okawaru
121137 | Pan      | Found an exit through the horrors of the Abyss.
121423 | Pan      | Received a gift from Okawaru
121431 | Pan      | Got a polished arbalest {god gift}
121432 | Pan      | Identified the +7 arbalest "Muacij" {flame, +Fly Str+5 Int-5} (Okawaru gifted it to you in Pandemonium)
121779 | Pan      | Noticed Asuenuga the pandemonium lord
121783 | Pan      | Killed Asuenuga the pandemonium lord
121834 | Pan      | Received a gift from Okawaru
122082 | Pan      | Found an exit through the horrors of the Abyss.
122608 | Pan      | Received a gift from Okawaru
122968 | Pan      | Noticed Tegopil the pandemonium lord
122989 | Pan      | Noticed Ydaproucwu the pandemonium lord
122992 | Pan      | Killed Ydaproucwu the pandemonium lord
123012 | Pan      | Received a gift from Okawaru
123039 | Pan      | Identified the Tome of Combat Magic (You found it in Pandemonium)
123054 | Pan      | Found an exit through the horrors of the Abyss.
123838 | Pan      | Noticed Inag the pandemonium lord
124151 | Pan      | Found an exit through the horrors of the Abyss.
124422 | Pan      | Killed Inag the pandemonium lord
124748 | Pan      | Noticed Imuotor the pandemonium lord
124763 | Pan      | Killed Imuotor the pandemonium lord
125081 | Pan      | Found an exit through the horrors of the Abyss.
125147 | Pan      | Received a gift from Okawaru
125853 | Pan      | Received a gift from Okawaru
125869 | Pan      | Noticed Hasin the pandemonium lord
125881 | Pan      | Killed Hasin the pandemonium lord
125968 | Pan      | Found an exit through the horrors of the Abyss.
126608 | Pan      | Found an exit through the horrors of the Abyss.
127204 | Pan      | Noticed Xarr the pandemonium lord
127224 | Pan      | Received a gift from Okawaru
127242 | Pan      | Killed Xarr the pandemonium lord
127270 | Pan      | Identified the Handbook of the Lethal Blaze (You found it in Pandemonium)
127591 | Pan      | Found an exit through the horrors of the Abyss.
127611 | Pan      | Noticed Leklic the pandemonium lord
127618 | Pan      | Took an exit into the Abyss.
127618 | Abyss:1  | Escaped into the Abyss
128092 | Depths:2 | Escaped the Abyss
128360 | Lair:1   | Learned a level 8 spell: Disjunction
128919 | Zot:5    | Got the Orb of Zot
129014 | Zot:1    | Noticed Gegheh the pandemonium lord
129020 | Zot:1    | Killed Gegheh the pandemonium lord
129020 | Zot:1    | Received a gift from Okawaru
129415 | D:8      | Noticed Unnamu the pandemonium lord
129545 | D:$      | Escaped with the Orb!

Action                   |  1- 3 |  4- 6 |  7- 9 | 10-12 | 13-15 | 16-18 | 19-21 | 22-24 | 25-27 || total
-------------------------+-------+-------+-------+-------+-------+-------+-------+-------+-------++-------
Melee: Quarterstaff      |    91 |   170 |   604 |   702 |  1686 |   953 |       |       |       ||  4206
       Unarmed           |       |    31 |       |       |       |       |       |       |       ||    31
       Lajatang          |       |       |       |       |       |   613 |   839 |   224 |   481 ||  2157
       Arbalest          |       |       |       |       |       |       |     1 |       |       ||     1
       Pair of quick bla |       |       |       |       |       |       |       |       |  2812 ||  2812
 Fire: Arbalest          |       |       |       |     9 |   238 |   263 |   791 |   234 |    34 ||  1569
       Triple crossbow   |       |       |       |       |       |       |       |   491 |  5119 ||  5610
Throw: Throwing net      |       |       |     1 |       |     1 |       |     1 |       |       ||     3
 Cast: Apportation       |       |       |       |       |       |       |       |    12 |     3 ||    15
       Regeneration      |       |       |       |       |       |       |       |     8 |   210 ||   218
       Flight            |       |       |       |       |       |       |       |    12 |     2 ||    14
       Haste             |       |       |       |       |       |       |       |       |    69 ||    69
       Portal Projectile |       |       |       |       |       |       |       |       |    52 ||    52
       Blink             |       |       |       |       |       |       |       |       |    14 ||    14
       Deflect Missiles  |       |       |       |       |       |       |       |       |    14 ||    14
       Controlled Blink  |       |       |       |       |       |       |       |       |     5 ||     5
       Silence           |       |       |       |       |       |       |       |       |     3 ||     3
       Control Teleport  |       |       |       |       |       |       |       |       |     2 ||     2
Invok: Finesse           |       |       |       |       |       |       |       |       |     6 ||     6
       Heroism           |       |       |       |       |       |       |       |       |     1 ||     1
 Abil: Breathe Noxious F |       |       |    10 |    14 |    25 |    16 |     4 |     1 |     1 ||    71
Evoke: Deck              |       |       |       |    17 |       |     8 |       |       |       ||    25
       Wand              |       |       |       |     1 |     2 |    10 |     3 |       |    19 ||    35
  Use: Potion            |       |     8 |     3 |     2 |     6 |    16 |    14 |     2 |    28 ||    79
       Scroll            |       |     4 |     2 |    20 |     8 |    21 |    13 |    12 |    71 ||   151
 Stab: Sleeping          |     1 |       |    11 |     9 |     6 |     4 |     1 |       |    15 ||    47
       Confused          |       |       |     5 |     7 |    19 |    12 |     1 |       |       ||    44
       Paralysed         |       |       |     3 |    14 |       |       |       |       |       ||    17
       Petrifying        |       |       |     1 |     2 |       |       |       |       |       ||     3
       Petrified         |       |       |       |     2 |       |       |       |       |       ||     2
       Distracted        |       |       |       |     2 |     2 |     2 |     1 |       |     8 ||    15
       Invisible         |       |       |       |       |     1 |       |       |       |       ||     1
  Eat: Chunk             |       |     4 |     7 |    20 |    21 |     9 |    13 |     1 |     3 ||    78
       Royal jelly       |       |     1 |       |     2 |     1 |     1 |     1 |     1 |     9 ||    16
       Bread ration      |       |       |     2 |       |       |       |       |       |    12 ||    14
       Beef jerky        |       |       |     1 |     4 |     1 |     3 |     7 |     2 |     5 ||    23
       Meat ration       |       |       |     1 |       |     3 |     4 |     3 |     4 |    33 ||    48
       Pizza             |       |       |       |     2 |     3 |     5 |     1 |     3 |     9 ||    23
       Fruit             |       |       |       |     1 |     5 |       |     3 |       |       ||     9
